 Dungeon Crawl Stone Soup version 0.18.1-47-g9310371 (webtiles) character file.

574 pupkin the Skirmisher (level 7, -4/58 HPs)
             Began as a Formicid Abyssal Knight on June 20, 2016.
             Was a Believer of Lugonu.
             Succumbed to a manticore's barbed spikes
             ... on level 15 of the Dungeon.
             The game lasted 00:11:15 (2560 turns).

pupkin the Skirmisher (Formicid Abyssal Knight)     Turns: 2560, Time: 00:11:15

Health: -4/58      AC: 14    Str: 19    XL:     7   Next: 61%
Magic:  3/8        EV:  6    Int: 11    God:    Lugonu [**....]
Gold:   98         SH:  0    Dex: 10    Spells: 0 memorised, 6 levels left

rFire  . . .     SeeInvis +     a - +1 falchion
rCold  . . .     Gourm    .     m - +0 plate armour
rNeg   . . .     Faith    .     (no shield)
rPois  .         Spirit   .     (helmet unavailable)
rElec  .         Dismiss  .     (no cloak)
rCorr  .         Reflect  .     z - +0 pair of gloves
SustAt .         Harm     .     d - +0 pair of boots
MR     .....                    (no amulet)
Stlth  ..........               (no ring)
                                s - ring of flight

@: manticore barbs, not resistant to hostile enchantments, extremely unstealthy
A: permanent stasis, dig shafts and tunnels, four strong arms, antennae 3
a: Dig, Shaft Self, Depart the Abyss, Bend Space, Renounce Religion, Evoke
Flight


You were on level 15 of the Dungeon.
You worshipped Lugonu.
Lugonu was pleased with you.
You were full.

You visited 2 branches of the dungeon, and saw 13 of its levels.
You visited the Abyss 1 time.

You collected 98 gold pieces.

Inventory:

Hand Weapons
 a - a +1 falchion (weapon)
 j - a +3 quarterstaff
 o - a +1 antimagic dagger
Armour
 d - a +0 pair of boots (worn)
 m - a +0 plate armour (worn)
 z - a +0 pair of gloves (worn)
Jewellery
 s - a ring of flight (left hand)
Wands
 q - a wand of confusion (33/48)
Scrolls
 b - 2 scrolls of noise {unknown}
 k - a scroll of immolation {unknown}
 l - 2 scrolls of identify {unknown}
 n - a scroll of enchant weapon {unknown}
 p - a scroll of blinking {unknown}
 r - a scroll of amnesia {unknown}
 t - a scroll of fear {unknown}
 v - a scroll of random uselessness {unknown}
 w - a scroll of remove curse {unknown}
 y - a scroll of recharging {unknown}
Potions
 c - 2 potions of resistance {unknown}
 e - a potion of mutation {unknown}
 f - 2 potions of ambrosia {unknown}
 h - a potion of degeneration {unknown}
 i - a potion of haste {unknown}
 u - a potion of agility {unknown}
 x - a potion of might {unknown}
 B - a potion of curing {unknown}
Comestibles
 g - 2 meat rations


   Skills:
 + Level 6.0 Fighting
 + Level 4.4 Long Blades
 + Level 5.3 Armour
 - Level 0.8 Dodging
 - Level 2.1 Invocations


You had 6 spell levels left.
You didn't know any spells.

Dungeon Overview and Level Annotations

Branches:
Dungeon (12/15)            Temple (1/1) D:5
   Lair: D:8-11         Orc: D:9-12

Altars:
Ashenzari
Cheibriados
Dithmenos
Elyvilon
Fedhas
Gozag
Kikubaaqudgha
Okawaru
Pakellas
Qazlal
Ru
Sif Muna
Trog
Vehumet
Xom
Yredelemnul
Zin
The Shining One

Shops:
D:5 }   D:11 [

Annotations:
D:6 Kloppie's ghost, novice HuFi


Innate Abilities, Weirdness & Mutations

You are under a permanent stasis effect.
You can dig through walls and to a lower floor.
Your four strong arms can wield two-handed weapons with a shield.
You have a pair of large antennae on your head (SInv).


Message History

* * * LOW HITPOINT WARNING * * *
You feel slightly more hungry.
Found a scroll labeled PYBLARO OGRI.
Space bends around you!
You blink.
* * * LOW HITPOINT WARNING * * *
You feel slightly more hungry.
You are feeling hungry.
Eat which item? (? for menu, Esc to quit)
You continue eating. x2
You finish eating.
That meat ration really hit the spot!
Space bends around you!
You blink.
* * * LOW HITPOINT WARNING * * *
You feel slightly less full.
The barbed spikes dig painfully into your body as you move.
* * * LOW HITPOINT WARNING * * *
A boggart comes into view.
The boggart shouts!
A giant frog and a boggart come into view.
The barbed spikes dig painfully into your body as you move.
You die...

#........
#.F......
#........
#........
#........
#........
#......g.
#########@......g
..............###+
..............#
..............#
......?.......#
..............#
##......###### ..
#......#
#....#...?..#


You could see a giant frog (wandering) and 2 boggarts.

Vanquished Creatures
  A centaur zombie (D:15)
  A hound (D:11)
  A jelly (D:5)
  2 orc wizards
  3 worker ants
  An iguana (D:11)
  A white imp (D:14)
  An adder zombie (D:5)
  A giant gecko (D:3)
  3 orcs (D:5)
  2 bats (D:3)
  A hobgoblin (D:3)
  3 jackals (D:5)
  2 quokkas (D:3)
  A ball python zombie (D:5)
  A giant gecko skeleton (D:5)
  A giant newt (D:3)
  A kobold (D:3)
  A rat (D:3)
28 creatures vanquished.

Vanquished Creatures (others)
  An orc wizard (D:5)
1 creature vanquished.

Grand Total: 29 creatures vanquished

Notes
Turn   | Place    | Note
--------------------------------------------------------------
     0 | Abyss:1  | pupkin the Formicid Abyssal Knight began the quest for the Orb.
     0 | Abyss:1  | Reached XP level 1. HP: 18/18 MP: 2/2
     9 | D:1      | Escaped the Abyss
    14 | D:1      | You fall through a shaft!
    31 | D:2      | You fall through a shaft!
    84 | D:3      | Noticed an ice beast
   168 | D:4      | Noticed a worker ant
   179 | D:4      | Killed a worker ant
   179 | D:4      | Reached skill level 4 in Fighting
   179 | D:4      | Reached XP level 2. HP: 10/25 MP: 3/3
   179 | D:4      | Reached XP level 3. HP: 12/30 MP: 4/4
   565 | D:4      | Reached XP level 4. HP: 38/38 MP: 5/5
   617 | D:4      | Noticed an ogre
   727 | D:3      | You fall through a shaft for 2 floors!
   727 | D:5      | Entered Level 5 of the Dungeon
   727 | D:5      | Found Cacs's Gadget Shop.
   895 | D:5      | Reached XP level 5. HP: 42/43 MP: 6/6
   928 | D:5      | Reached skill level 5 in Fighting
   986 | D:5      | Found a staircase to the Ecumenical Temple.
  1003 | Temple   | Entered the Ecumenical Temple
  1124 | D:5      | Found a shadowy altar of Dithmenos.
  1124 | D:5      | Noticed an ogre
  1131 | D:5      | You fall through a shaft!
  1157 | D:6      | Noticed Kloppie's ghost (novice HuFi)
  1443 | D:5      | Found a sacrificial altar of Ru.
  1443 | D:5      | Found an iron altar of Okawaru.
  1451 | D:5      | HP: 2/44 [ogre/giant club (14)]
  1452 | D:5      | You fall through a shaft for 2 floors!
  1812 | D:7      | Reached ** piety under Lugonu
  1812 | D:7      | Reached XP level 6. HP: 42/51 MP: 7/7
  1816 | D:7      | Noticed an orc warrior
  1853 | D:7      | You fall through a shaft for 3 floors!
  1853 | D:10     | Entered Level 10 of the Dungeon
  1853 | D:10     | Noticed a troll
  1856 | D:10     | You fall through a shaft for 2 floors!
  2176 | D:11     | Found Afodugo's Antique Armour Shop.
  2177 | D:11     | Noticed a hill giant
  2182 | D:11     | Noticed a hill giant
  2185 | D:11     | You fall through a shaft for 3 floors!
  2319 | D:14     | You fall through a shaft!
  2319 | D:15     | Entered Level 15 of the Dungeon
  2335 | D:15     | Noticed a centaur zombie
  2360 | D:15     | Killed a centaur zombie
  2360 | D:15     | Reached skill level 6 in Fighting
  2360 | D:15     | Reached skill level 5 in Armour
  2360 | D:15     | Reached XP level 7. HP: 40/58 MP: 8/8
  2528 | D:15     | Noticed a manticore
  2544 | D:15     | Found an opulent altar of Gozag.
  2560 | D:15     | Succumbed to a manticore's barbed spikes

Skill      XL: |  1  2  3  4  5  6 |
---------------+-------------------+-----
Fighting       | 4 5 6 |  6.0
Armour         | 3 5 |  5.3
Long Blades    | 3 4 |  4.4
Dodging        | |  0.8
Invocations    | |  2.1

Action                   |  1- 3 |  4- 6 |  7- 9 || total
-------------------------+-------+-------+-------++-------
Melee: Falchion          |    23 |   170 |       ||   193
Invok: Bend Space        |       |       |     6 ||     6
 Abil: Shaft Self        |     2 |     7 |       ||     9
       Dig               |       |     4 |     1 ||     5
  Eat: Chunk             |       |     1 |       ||     1
       Bread ration      |       |     1 |       ||     1
       Meat ration       |       |     1 |     1 ||     2
Armor: Ring mail         |     3 |       |       ||     3
       Plate armour      |    12 |   158 |     1 ||   171
Dodge: Dodged            |    11 |    69 |       ||    80
